 Dungeon Crawl Stone Soup version 0.27-a0-998-g4cfe56dd59 (webtiles) character file.

Game seed: 17914582125587839741

1713 DarkShadow the Blocker (level 8, 0/70 HPs)
             Began as a Minotaur Fighter on Apr 17, 2021.
             Was an Initiate of Gozag.
             Slain by a gnoll
             ... wielding a +0 spear of venom
              (2 damage)
             ... on level 7 of the Dungeon.
             The game lasted 00:14:12 (5815 turns).

DarkShadow the Blocker (Minotaur Fighter)           Turns: 5815, Time: 00:14:12

Health: 0/70       AC: 14    Str: 22    XL:     8   Next: 74%
Magic:  7/7        EV:  7    Int:  5    God:    Gozag
Gold:   621        SH: 12    Dex: 13    Spells: 7/7 levels left

rFire    . . .     SeeInvis .   a - +0 long sword
rCold    . . .     Faith    .   c - +1 kite shield
rNeg     . . .     Spirit   .   h - +0 chain mail
rPois    .         Reflect  .   (helmet restricted)
rElec    .         Harm     .   (no cloak)
rCorr    +         Rampage  .   (no gloves)
Will     .....     Rnd*Rage +   f - +2 pair of boots
Stlth    ..........             (no amulet)
HPRegen  0.21/turn              q - ring of resist corrosion
MPRegen  0.10/turn              (no ring)

@: lethally poisoned (0 -> -21), gold aura
A: horns 2, retaliatory headbutt, agile 1, berserk 1
a: Renounce Religion, Potion Petition, Call Merchant, Bribe Branch


You were on level 7 of the Dungeon.
You worshipped Gozag.
Gozag was pleased with you.
You visited 2 branches of the dungeon, and saw 8 of its levels.

You collected 677 gold pieces.
You paid 56 gold pieces to Gozag.

Inventory:

Hand Weapons
 a - a +0 long sword (weapon)
 v - a +1 falchion of electrocution
Missiles
 y - 4 boomerangs of dispersal (quivered)
Armour
 b - a +0 scale mail
 c - a +1 kite shield (worn)
 f - a +2 pair of boots (worn)
 h - a +0 chain mail (worn)
Jewellery
 q - a ring of resist corrosion (left hand)
 r - a ring of fire
Wands
 t - a wand of charming (8)
Scrolls
 g - a scroll of teleportation
 i - a scroll of fog
 l - 2 scrolls of immolation
 n - 2 scrolls of magic mapping
 o - a scroll of holy word
 s - a scroll of identify
 x - a scroll of blinking
Potions
 d - a potion of might
 e - a potion of degeneration
 j - 7 potions of curing
 k - a potion of ambrosia
 m - a potion of heal wounds
 p - a potion of magic
 u - a potion of haste {unknown}


   Skills:
 + Level 5.8 Fighting
 + Level 6.7 Long Blades
 + Level 8.0 Armour
 - Level 2.0 Dodging
 - Level 0.5 Stealth
 + Level 8.6 Shields


You had 7 spell levels left.
You didn't know any spells.
Your spell library contained the following spells:

 Spells                   Type           Power      Damage    Failure   Level
 Corona                   Hex            0%         N/A       100%        1
 Poisonous Vapours        Pois/Air       0%         N/A       100%        2
 Slow                     Hex            0%         N/A       100%        2
 Conjure Flame            Conj/Fire      0%         6-21      100%        3
 Inner Flame              Hex/Fire       0%         N/A       100%        3
 Mephitic Cloud           Conj/Pois/Air  0%         N/A       100%        3
 Portal Projectile        Hex/Tloc       0%         N/A       100%        3
 Cause Fear               Hex            0%         N/A       100%        4
 Leda's Liquefaction      Hex/Erth       0%         N/A       100%        4
 Freezing Cloud           Conj/Ice/Air   0%         6-21      100%        6


Dungeon Overview and Level Annotations

Branches:
Dungeon (7/15)             Temple (1/1) D:4

Altars:
Cheibriados
Dithmenos
Elyvilon
Gozag
Hepliaklqana
Kikubaaqudgha
Makhleb
Nemelex Xobeh
Okawaru
Ru
Sif Muna
Trog
Uskayaw
Vehumet
Wu Jian
Xom
Zin
The Shining One


Innate Abilities, Weirdness & Mutations

You have a pair of horns on your head.
You reflexively headbutt those who attack you in melee.
You are agile. (Dex +2)
You tend to lose your temper in combat.


Message History

The gnoll hits you from afar with a +0 spear.
The centaur unwields a +0 shortbow.
You block the centaur's attack.
The centaur kicks you but does no damage.
The gnoll hits you with a +0 spear of venom.
You are lethally poisoned!
The gnoll hits you but does no damage.
You hit the centaur.
The centaur is severely wounded.
* * * LOW HITPOINT WARNING * * *
You feel extremely sick.
The gnoll is no longer distracted by gold.
The gnoll hits you but does no damage. The centaur barely misses you.
You furiously retaliate!
You headbutt the centaur. You block the centaur's attack.
The gnoll hits you with a +0 spear of venom.
* * * LOW HITPOINT WARNING * * *
You are more poisoned.
The gnoll hits you but does no damage. You block the centaur's attack.
The centaur kicks you but does no damage.
The gnoll hits you with a +0 spear.
* * * LOW HITPOINT WARNING * * *
You block the gnoll's attack.
You barely miss the centaur.
The centaur is severely wounded.
* * * LOW HITPOINT WARNING * * *
You feel extremely sick. You block the gnoll's attack.
You block the centaur's attack. The centaur kicks you.
* * * LOW HITPOINT WARNING * * *
You block the gnoll's attack.
The gnoll hits you from afar with a +0 spear.
* * * LOW HITPOINT WARNING * * *
The gnoll hits you but does no damage. You block the gnoll's attack.
The centaur completely misses you. You furiously retaliate!
You headbutt the centaur!
You kill the centaur!
The centaur's corpse dissolves into shadows!
The gnoll hits you with a +0 spear of venom.
You die...
Your body crumbles into a pile of gold.

##.. #.##.. . .#. #....#
#..... ....####....## ......#
##.#...##..... .......
#..##.....#..
#......####..>#......# ###
#.......##.....###...###.##
........#......g#.....#...# ##
#.<........@g...#....##.##
#.......###g....#........##
#.#.....# #..g............#
#.##....###.......##.##...#
..##....##.........#......#
...........................#
....####................#...#
......##.............#.#.##.##
..........................# ##


You could see 4 gnolls.

Vanquished Creatures
  A wyvern (D:7)
  2 sky beasts (D:6)
  2 black bears (D:6)
  A centaur (D:6)
  An ogre (D:5)
  A phantom (D:4)
  2 bullfrogs
  2 scorpions
  A water moccasin zombie (D:5)
  A wyvern skeleton (D:5)
  A water moccasin skeleton (D:6)
  A bullfrog zombie (D:5)
  2 gnoll shamans
  A jelly (D:6)
  2 hounds
  A bullfrog skeleton (D:5)
  A centaur skeleton (D:5)
  An iguana (D:5)
  Natasha (twice) (D:2)
  2 orc wizards (D:6)
  A hound skeleton (D:4)
  5 gnolls
  6 adders
  An ufetubus (D:5)
  An adder skeleton (D:4)
  2 worms
  A dart slug (D:1)
  15 orcs
  6 ball pythons
  2 bats (D:3)
  8 endoplasms
  5 giant cockroaches (D:1)
  A goblin (D:3)
  4 hobgoblins
  5 jackals
  8 kobolds
  2 quokkas (D:1)
  2 frilled lizards (D:2)
  4 rats
107 creatures vanquished.

Notes
Turn   | Place    | Note
-------+----------+-------------------------------------------
     0 | D:1      | DarkShadow the Minotaur Fighter began the quest for the
                  | Orb.
     0 | D:1      | Reached XP level 1. HP: 19/19 MP: 0/0
   105 | D:1      | Found a faded altar of an unknown god.
   107 | D:1      | Reached XP level 2. HP: 27/27 MP: 1/1
   495 | D:1      | Reached XP level 3. HP: 30/33 MP: 2/2
   690 | D:2      | Noticed Natasha
   693 | D:2      | Killed Natasha
   900 | D:2      | Noticed Natasha
   911 | D:2      | Killed Natasha
   912 | D:2      | Reached XP level 4. HP: 37/41 MP: 3/3
  1867 | D:3      | Reached XP level 5. HP: 43/47 MP: 4/4
  2002 | D:3      | Found an iron altar of Okawaru.
  2003 | D:3      | Found a shimmering altar of Xom.
  2004 | D:3      | Found a glowing golden altar of the Shining One.
  2006 | D:3      | Found a bloodstained altar of Trog.
  2006 | D:3      | Found a hide-covered altar of Uskayaw.
  2007 | D:3      | Found a hazy altar of Hepliaklqana.
  2210 | D:4      | Found an ancient bone altar of Kikubaaqudgha.
  2210 | D:4      | Found a glowing silver altar of Zin.
  2216 | D:4      | Reached skill level 5 in Shields
  2258 | D:4      | Found a staircase to the Ecumenical Temple.
  2275 | D:4      | Reached skill level 1 in Dodging
  2316 | Temple   | Entered the Ecumenical Temple
  2397 | Temple   | Became a worshipper of Gozag Ym Sagoz the Greedy
  2440 | D:4      | Found a sparkling altar of Nemelex Xobeh.
  2555 | D:4      | Found a snail-covered altar of Cheibriados.
  2560 | D:4      | Noticed a phantom
  2570 | D:4      | Killed a phantom
  2571 | D:4      | Reached skill level 5 in Armour
  2571 | D:4      | Reached XP level 6. HP: 45/53 MP: 5/5
  3425 | D:5      | Entered Level 5 of the Dungeon
  3695 | D:5      | Reached XP level 7. HP: 52/60 MP: 6/6
  3990 | D:5      | Reached skill level 5 in Fighting
  4179 | D:6      | Reached skill level 5 in Long Blades
  4937 | D:6      | Reached XP level 8. HP: 63/68 MP: 7/7
  5063 | D:6      | Found a white marble altar of Elyvilon.
  5063 | D:6      | Found a burning altar of Makhleb.
  5790 | D:7      | Gained mutation: You tend to lose your temper in combat.
                  | [potion of mutation]
  5790 | D:7      | Gained mutation: You are agile. (Dex +2) [potion of
                  | mutation]
  5815 | D:7      | HP: 3/70 [centaur[a gnoll] (2)]
  5815 | D:7      | Slain by a gnoll

Illustrated notes

Levels and vault maps discovered:
D:1:      dpeg_arrival_concentric_ovals, layout_basic,
          ebering_ecumenical_altar_hall, minmay_misc_feat_chi, minmay_surrounded
D:2:      layout_loops_ring, uniq_natasha
D:3:      layout_rooms, grunt_temple_overflow_open
D:4:      layout_layer_cave, nicolae_overflow_crystal_walls,
          gammafunk_temple_overflow_pools, kennysheep_mini_moat, temple_pool_b
D:5:      layout_loops_ring
D:6:      layout_gridville, jmf_multi_god_temple
D:7:      layout_cave_pools, enter_bailey_7, glass_columns_a,
          corexii_item_surrounded_by_moat
Temple:   nicolae_temple_figure_zero

Skill      XL: |  1  2  3  4  5  6  7  8 |
---------------+-------------------------+-----
Fighting       | 4 5 |  5.8
Shields        | 4 5 6 7 8 |  8.6
Long Blades    | 3 4 5 6 |  6.7
Armour         | 4 5 6 7 8 |  8.0
Dodging        | 1 2 |  2.0
Stealth        | |  0.5

Action                   |  1- 3 |  4- 6 |  7- 9 || total
-------------------------+-------+-------+-------++-------
Melee: Long sword        |    74 |   131 |   162 ||   367
       Headbutt          |    14 |    21 |    36 ||    71
  Use: Scroll            |     3 |    11 |     1 ||    15
       Potion            |       |       |     2 ||     2
Armor: Scale mail        |     9 |       |       ||     9
       Chain mail        |    40 |    99 |   128 ||   267
Dodge: Dodged            |    23 |    51 |    66 ||   140
Block: Kite shield       |    42 |    96 |   167 ||   305
       Rpst.: Long sword |     7 |     8 |     8 ||    23

Table legend: (Time is in decaauts)
 A = Elapsed time spent in this place.
 B = Non-inter-level travel time spent in this place.
 C = Inter-level travel time spent in this place.
 D = Time resting spent in this place.
 E = Time spent auto-exploring this place.
 F = Levels seen in this place.
 G = Mean time per level.
                   A        B        C        D        E       F      G
               +--------+--------+--------+--------+--------+-----+--------+
         Total |   5952 |   5579 |    373 |    819 |   3568 |   8 |  744.0 |
       Dungeon |   5855 |   5490 |    365 |    819 |   3493 |   7 |  836.4 |
        Temple |     96 |     88 |      8 |      0 |     75 |   1 |   96.0 |
               +--------+--------+--------+--------+--------+-----+--------+

Top non-repeatable levels by time:
     D:6: 1630 daAuts
     D:4: 1187 daAuts
     D:2: 956 daAuts
     D:5: 704 daAuts
     D:1: 647 daAuts
     D:3: 621 daAuts
     D:7: 107 daAuts
  Temple: 96 daAuts
